[Event "Late-Titled-Tuesday-Blitz-July-09-2024"]
[Site "Chess.com"]
[Date "2024.07.09"]
[Round "2"]
[White "secretworker2027"]
[Black "yujiarun18"]
[Result "1-0"]
[WhiteElo "2691"]
[BlackElo "2238"]
[TimeControl "180+1"]
[EndTime "14:15:30 PDT"]
[Termination "secretworker2027 won by resignation"]

1. e4 c5 2. Nf3 d6 3. d4 cxd4 4. Nxd4 Nf6 5. Nc3 a6 6. Rg1 e5 7. Nb3 h5 8. Bg5 Be7 9. Qd2 Be6 10. O-O-O Nbd7 11. Kb1 Qc7 12. f3 b5 13. g4 hxg4 14. fxg4 b4 15. Nd5 Bxd5 16. Bxf6 Nxf6 17. exd5 a5 18.
g5 Ne4 19. Bb5+ Kf8 20. Qe3 Rxh2 21. Qxe4 Rc8 22. Bc6 a4 23. Nc1 Qb6 24. Rdf1 b3 25. axb3 axb3 26. Nxb3 Rf2 27. Qh4 Rxf1+ 28. Rxf1 Kg8 29.
Rh1 1-0

[Event "Late-Titled-Tuesday-Blitz-July-09-2024"]
[Site "Chess.com"]
[Date "2024.07.09"]
[Round "2"]
[White "Love7Unicorn"]
[Black "KVAIDAN"]
[Result "1-0"]
[WhiteElo "2593"]
[BlackElo "2361"]
[TimeControl "180+1"]
[EndTime "14:15:34 PDT"]
[Termination "Love7Unicorn won by checkmate"]

1. d4 e6 2. c4 f5 3. g3 Nf6 4. Bg2 Be7 5. Nc3 O-O 6. Nf3 d6 7. O-O a5 8. b3 Ne4 9. Bb2 Nxc3 10. Bxc3 Qe8 11. Qd2 a4 12. b4 Qh5 13. a3 Nd7 14. Qc2 Nf6 15. Nd2 e5 16. e4 fxe4 17. Nxe4 Bh3 18. dxe5 dxe5 19. Nxf6+ Bxf6 20. Qe4 Bxg2 21. Kxg2 c6 22. Rad1 Rad8 23. f3 Rfe8 24. h4 Qf7 25.
Bb2 Rxd1 26. Rxd1 b5 27. Qxc6 Qxc4 28. Qxe8# 1-0

[Event "Late-Titled-Tuesday-Blitz-July-09-2024"]
[Site "Chess.com"]
[Date "2024.07.09"]
[Round "2"]
[White "Hikaru"]
[Black "IMJonathanCarlstedt"]
[Result "1-0"]
[WhiteElo "3212"]
[BlackElo "2666"]
[TimeControl "180+1"]
[EndTime "14:15:35 PDT"]
[Termination "Hikaru won by resignation"]

1. Nf3 c5 2. e4 d6 3. c3 Nf6 4. Bd3 e5 5. Bc2 Nc6 6. d3 Be7 7. O-O O-O 8. Nbd2 h6 9. Re1 Be6 10. Nf1 Qc7 11. Bb3 Rad8 12. Qe2 Bxb3 13. axb3 Rfe8 14.
c4 Bf8 15. Ne3 g6 16. h4 Qb6 17. Qd1 Nd4 18. Nxd4 cxd4 19. Nf1 a6 20. Bd2 Qc7 21. b4 Ra8 22. Ng3 b5 23. b3 h5 24. Ra5 Qb7 25. Qa1 Kh7 26. Qa2 Bh6 27. Bxh6 Kxh6 28. Ra1 bxc4 29. Qd2+ Kg7 30. bxc4 Reb8 31. R5a4 Nh7 32. f4 exf4 33. Qxf4 Qe7 34. b5 Nf6 35. Qg5 Rc8 36.
Nf5+ 1-0

[Event "Late-Titled-Tuesday-Blitz-July-09-2024"]
[Site "Chess.com"]
[Date "2024.07.09"]
[Round "2"]
[White "NovoselovRoman"]
[Black "evgchess5"]
[Result "0-1"]
[WhiteElo "2559"]
[BlackElo "2857"]
[TimeControl "180+1"]
[EndTime "14:15:35 PDT"]
[Termination "evgchess5 won by resignation"]

1. e4 c5 2. Nc3 e6 3. f4 Nc6 4.
Nf3 a6 5. a4 d5 6. exd5 exd5 7.
d4 Nf6 8. Be3 cxd4 9. Nxd4 Bb4 10.
Nxc6 bxc6 11. Qd4 c5 12. Qe5+ Qe7 13. O-O-O d4 14. Bxd4 cxd4 15. Rxd4 Qxe5 16. fxe5 Bxc3 17. bxc3 Ng4 18. Bc4 Nxe5 19. Re1 f6 20. Bd5 Ra7 21. Rb4 Ke7 22. Rb8 Rd8 23. c4 Bd7 24. a5 Rxb8 0-1

[Event "Late-Titled-Tuesday-Blitz-July-09-2024"]
[Site "Chess.com"]
[Date "2024.07.09"]
[Round "2"]
[White "protectiago"]
[Black "David_George21"]
[Result "0-1"]
[WhiteElo "2172"]
[BlackElo "2464"]
[TimeControl "180+1"]
[EndTime "14:15:35 PDT"]
[Termination "David_George21 won by resignation"]

1. d4 Nf6 2. c4 e6 3. g3 d5 4. Nf3 Bb4+ 5. Bd2 Bxd2+ 6. Nbxd2 O-O 7. Bg2 Nbd7 8. O-O b6 9. Qc2 Bb7 10. Rac1 Rc8 11. Rfd1 c5 12. dxc5 Nxc5 13. Qb1 Qe7 14. b4 Nce4 15. cxd5 Nc3 16. Rxc3 Rxc3 17. d6 Qxd6 18.
Nb3 Qxb4 19. Rd4 Qa3 20. e4 Rfc8 21. Rd1 Bxe4 22. Qa1 Bxf3 23. Bxf3 Rxf3 0-1

[Event "Late-Titled-Tuesday-Blitz-July-09-2024"]
[Site "Chess.com"]
[Date "2024.07.09"]
[Round "2"]
[White "maurovargas01"]
[Black "MarkoPe"]
[Result "0-1"]
[WhiteElo "1945"]
[BlackElo "2427"]
[TimeControl "180+1"]
[EndTime "14:15:37 PDT"]
[Termination "MarkoPe won by checkmate"]

1. e4 c6 2. Nc3 d6 3. d3 Nd7 4. f4 Ngf6 5. Nf3 g6 6. g3 Bg7 7. Bg2 O-O 8. O-O e5 9. f5 Qb6+ 10. Kh1 d5 11. fxg6 hxg6 12. exd5 cxd5 13. d4 e4 14. Ne5 Re8 15. Nxd7 Bxd7 16. Bg5 Ng4 17.
Nxd5 Qxd4 18. Qxd4 Bxd4 19. Nc7 Nf2+ 20. Rxf2 Bxf2 21.
Nxa8 Rxa8 22. Bxe4 Bc6 23. Bxc6 bxc6 24. Rd1 Rb8 25. Bf6 Bb6 26. Kg2 Re8 27. Rd2 Re6 28. Bc3 f5 29. Rd7 Kf8 30. Bb4+ Ke8 31. Rh7 Re2+ 32.
Kh3 Rxc2 33. Bc3 Bg1 34. Rg7 Rxh2# 0-1

[Event "Late-Titled-Tuesday-Blitz-July-09-2024"]
[Site "Chess.com"]
[Date "2024.07.09"]
[Round "2"]
[White "Slovak_fighter2000"]
[Black "CoachKevinVelazquez"]
[Result "1-0"]
[WhiteElo "2554"]
[BlackElo "2338"]
[TimeControl "180+1"]
[EndTime "14:15:43 PDT"]
[Termination "Slovak_fighter2000 won by resignation"]

1. d4 Nf6 2. Nf3 g6 3. c4 Bg7 4.
Nc3 O-O 5. Bg5 d6 6. e3 Nbd7 7. Be2 b6 8. O-O Bb7 9. Qc2 Re8 10. h3 e5 11. d5 h6 12. Bh4 g5 13. Bg3 a5 14. e4 Nc5 15. Nd2 Nh7 16. Bg4 Nf8 17.
Bf5 Bc8 18. Bh2 Ng6 19. b3 Ne7 20. g4 Kh8 21. a3 Ng8 22. b4 Nd7 23. f3 Ndf6 24.
Kg2 Ne7 25. Bg1 Ng6 26. Be3 Nf4+ 27. Kh2 Bd7 28. c5 axb4 29. axb4 bxc5 30. bxc5 Bxf5 31. gxf5 Nd7 32. c6 Nc5 33. Bxc5 dxc5 34. Rxa8 Qxa8 35. Nc4 Qa6 36. Qa4 Ra8 37. Ra1 Qxa4 38. Rxa4 Rb8 39. d6 cxd6 40. c7 Rc8 41. Ra7 Bf8 42. Nb6 1-0

[Event "Late-Titled-Tuesday-Blitz-July-09-2024"]
[Site "Chess.com"]
[Date "2024.07.09"]
[Round "2"]
[White "Ykow"]
[Black "RodriQA"]
[Result "1-0"]
[WhiteElo "2736"]
[BlackElo "2427"]
[TimeControl "180+1"]
[EndTime "14:15:46 PDT"]
[Termination "Ykow won by resignation"]

1. e4 c6 2. Nf3 d5 3. d3 Bg4 4. h3 Bxf3 5. Qxf3 e6 6. Nd2 Nd7 7.
c3 Ne5 8. Qg3 Bd6 9. d4 Ng6 10.
e5 Be7 11. Bd3 Nh6 12. Nf3 c5 13. h4 cxd4 14. h5 dxc3 15. hxg6 cxb2 16. gxf7+ Nxf7 17.
Bxb2 Qa5+ 18. Kf1 Qb4 19. Rb1 g5 20. Bd4 Qa3 21. Bb5+ Kd8 22. Qg4 Rf8 23. Qxe6 1-0

[Event "Late-Titled-Tuesday-Blitz-July-09-2024"]
[Site "Chess.com"]
[Date "2024.07.09"]
[Round "2"]
[White "purpurice"]
[Black "bubeliang"]
[Result "0-1"]
[WhiteElo "2544"]
[BlackElo "2819"]
[TimeControl "180+1"]
[EndTime "14:15:47 PDT"]
[Termination "bubeliang won by resignation"]

1. d4 d5 2. Nc3 Nf6 3. Bf4 a6 4. e3 b5 5. Nf3 Bb7 6. Bd3 e6 7. O-O c5 8. dxc5 Bxc5 9. h3 O-O 10. a4 b4 11. Ne2 Bd6 12. c4 bxc3 13. bxc3 Nc6 14. Rb1 Rb8 15. Bxd6 Qxd6 16. Ned4 Ne7 17.
Rb3 e5 18. Nf5 Nxf5 19. Bxf5 Bc6 20. c4 Bxa4 21. Rxb8 Bxd1 22. Rxf8+ Qxf8 23. Rxd1 dxc4 24. Nxe5 g6 25. Bc2 Qc5 26. Nf3 a5 27. Rd8+ Kg7 28. Nd4 Qc7 29. Ra8 Nd5 30. Nb5 Qb7 31. Rxa5 Qb6 0-1

[Event "Late-Titled-Tuesday-Blitz-July-09-2024"]
[Site "Chess.com"]
[Date "2024.07.09"]
[Round "2"]
[White "ReinisUz"]
[Black "prxcess_brownie"]
[Result "1-0"]
[WhiteElo "2549"]
[BlackElo "2223"]
[TimeControl "180+1"]
[EndTime "14:15:47 PDT"]
[Termination "ReinisUz won by resignation"]

1. c4 g6 2. Nc3 Bg7 3. g3 c5 4. Bg2 Nc6 5. e4 d6 6. Nge2 e6 7. O-O Nge7 8. d3 O-O 9. Rb1 b6 10. a3 a5 11. Be3 Bb7 12. d4 Ba6 13. Nb5 cxd4 14. Nexd4 Ne5 15. b3 a4 16. f4 N5c6 17.
Nxc6 Nxc6 18. Qxd6 Qxd6 19. Nxd6 Rab8 20. e5 Na5 21.
bxa4 Bxc4 22. Rfc1 Bb3 23. Rc7 f6 24. Bd4 fxe5 25.
Bxe5 Bxe5 26. fxe5 Bxa4 27. Ne4 Bc2 28. Rxc2 1-0

[Event "Late-Titled-Tuesday-Blitz-July-09-2024"]
[Site "Chess.com"]
[Date "2024.07.09"]
[Round "2"]
[White "mbachez"]
[Black "MatthewG-p4p"]
[Result "0-1"]
[WhiteElo "2611"]
[BlackElo "2925"]
[TimeControl "180+1"]
[EndTime "14:15:51 PDT"]
[Termination "MatthewG-p4p won by resignation"]

1. e4 e6 2. d4 d5 3. Nd2 a6 4.
Ngf3 Nf6 5. e5 Nfd7 6. Bd3 c5 7. c3 Nc6 8. O-O g5 9. Nb3 c4 10. Nxg5 cxd3 11. Qh5 Qe7 12. f4 h6 13. f5 exf5 14. e6 Nf6 15. exf7+ Kd8 16. Qh3 f4 17. Qh4 Ne4 18.
Bxf4 Nxg5 19. Rae1 Ne4 20. Qh5 Be6 21. Be3 Rh7 22.
Nc5 Nxc5 23. dxc5 Rxf7 24. Rxf7 Qxf7 25. Qd1 Qg6 26. Rf1 Kd7 27. Qf3 Be7 28. Re1 Rf8 29. Qd1 Ne5 30. Kh1 Bg4 31. Qd2 Nf3 0-1

[Event "Late-Titled-Tuesday-Blitz-July-09-2024"]
[Site "Chess.com"]
[Date "2024.07.09"]
[Round "2"]
[White "XDPS"]
[Black "Antek_Radzimski"]
[Result "1-0"]
[WhiteElo "2875"]
[BlackElo "2575"]
[TimeControl "180+1"]
[EndTime "14:15:55 PDT"]
[Termination "XDPS won by resignation"]

1. d4 Nf6 2. Nf3 e6 3. Bf4 d5 4. e3 c5 5. Nbd2 Nc6 6. c3 h6 7. Ne5 Bd6 8. Bd3 Qc7 9. Ndf3 Nd7 10. Bb5 O-O 11. Bxc6 bxc6 12. Qa4 cxd4 13. cxd4 Nxe5 14. Bxe5 Bxe5 15. Nxe5 Qb6 16. Qxc6 Qxb2 17. O-O Rb8 18. h3 Bb7 19. Qa4 Rfc8 20. Rab1 Qc3 21. Qxa7 Qc7 22.
a4 f6 23. Nd3 Qc2 24. Nc5 1-0

[Event "Late-Titled-Tuesday-Blitz-July-09-2024"]
[Site "Chess.com"]
[Date "2024.07.09"]
[Round "2"]
[White "ImportedItalianMaple"]
[Black "Vaporwaffle94"]
[Result "1-0"]
[WhiteElo "2497"]
[BlackElo "2273"]
[TimeControl "180+1"]
[EndTime "14:16:01 PDT"]
[Termination "ImportedItalianMaple won by resignation"]

1. d4 e6 2. Nf3 Nf6 3. g3 c5 4. Bg2 b6 5. O-O Bb7 6. c4 cxd4 7. Qxd4 Bxf3 8. Bxf3 Nc6 9. Qf4 Be7 10. Nc3 O-O 11.
Rd1 Rc8 12. b3 Qc7 13. Qxc7 Rxc7 14. Nb5 Rcc8 15. Nd6 Bxd6 16. Rxd6 Rfd8 17. Bg5 h6 18. Bxf6 gxf6 19. Rad1 Ne5 20. Be4 f5 21. Bg2 b5 22.
f4 Ng4 23. cxb5 Rc2 24. Bf3 Nf6 25. a4 Rb2 26. R1d3 Rc8 27. Ra6 d5 28. Rxa7 Rc1+ 29. Kf2 Rcb1 30. b6 Rxb3 31. Rxb3 Rxb3 32. b7 Kg7 33. a5 Nd7 34. a6 Kf6 35. Ra8 Ke7 36.
Rh8 d4 37. a7 d3 38. a8=Q d2 39. Re8+ Kf6 40. Qd8+ 1-0

[Event "Late-Titled-Tuesday-Blitz-July-09-2024"]
[Site "Chess.com"]
[Date "2024.07.09"]
[Round "2"]
[White "oskariot"]
[Black "Truequitos"]
[Result "1-0"]
[WhiteElo "2805"]
[BlackElo "2542"]
[TimeControl "180+1"]
[EndTime "14:16:07 PDT"]
[Termination "oskariot won by resignation"]

1. e4 e6 2. d4 d5 3. Nd2 c5 4.
exd5 Qxd5 5. Ngf3 cxd4 6. g3 Nf6 7. Bg2 Nc6 8. O-O Be7 9. Nb3 Qh5 10. Nfxd4 Qxd1 11. Rxd1 Nxd4 12. Nxd4 a6 13. a4 O-O 14. Bf4 Nd7 15. Nb3 e5 16. Be3 Rb8 17. a5 f5 18.
Bd5+ Kh8 19. f4 Bf6 20. c3 Re8 21. Re1 Nf8 22. fxe5 Bxe5 23. Bf4 Ng6 24. Bf7 Rf8 25.
Bxe5 1-0

[Event "Late-Titled-Tuesday-Blitz-July-09-2024"]
[Site "Chess.com"]
[Date "2024.07.09"]
[Round "2"]
[White "koncheto"]
[Black "PattyCastillo"]
[Result "1-0"]
[WhiteElo "2668"]
[BlackElo "1969"]
[TimeControl "180+1"]
[EndTime "14:16:07 PDT"]
[Termination "koncheto won by resignation"]

1. e4 c5 2. Nf3 d6 3. d4 cxd4 4. Nxd4 Nf6 5. f3 a6 6. c4 e5 7. Nc2 Be6 8. Nc3 Be7 9. Be3 Nbd7 10. Qd2 Rc8 11. b3 O-O 12. Be2 Qc7 13. O-O b5 14. Nb4 Qa5 15. Nbd5 Rfe8 16. Nxe7+ Rxe7 17. Nd5 Qxd2 18.
Nxe7+ Kf8 19. Bxd2 Kxe7 20. cxb5 axb5 21. Bxb5 d5 22.
Bb4+ Ke8 23. Rfe1 dxe4 24. fxe4 Rb8 25. a4 Kd8 26. Bd6 Rb6 27. Red1 Bxb3 28. Rd3 Be6 29. Bxe5 Nxe4 30. Bxd7 Bxd7 31. Rad1 Rb7 32. a5 Nc5 33. Rd5 Na6 34. Rd6 Nb4 35. a6 Ra7 36. Rxd7+ Rxd7 37. Rxd7+ Kxd7 38. a7 1-0

[Event "Late-Titled-Tuesday-Blitz-July-09-2024"]
[Site "Chess.com"]
[Date "2024.07.09"]
[Round "2"]
[White "TC2304"]
[Black "cansun"]
[Result "1-0"]
[WhiteElo "2349"]
[BlackElo "2521"]
[TimeControl "180+1"]
[EndTime "14:16:07 PDT"]
[Termination "TC2304 won by resignation"]

1. d4 Nf6 2. Nf3 e6 3. Bf4 d5 4. e3 Bd6 5. Bg3 O-O 6. Nbd2 c5 7. c3 Qc7 8. Bd3 Nbd7 9. O-O Bxg3 10. hxg3 e5 11.
dxe5 Nxe5 12. Nxe5 Qxe5 13. Re1 Bg4 14. Qc2 Qh5 15.
e4 dxe4 16. Nxe4 Nxe4 17. Rxe4 h6 18. Rae1 Be6 19. Re5 g5 20. Rxc5 Rad8 21. Bf5 Bd5 22. g4 Qh4 23. Re3 Rfe8 24. Rxd5 Rxe3 25. Rxd8+ Kg7 26.
Qd2 1-0

[Event "Late-Titled-Tuesday-Blitz-July-09-2024"]
[Site "Chess.com"]
[Date "2024.07.09"]
[Round "2"]
[White "MarcoRiehle"]
[Black "HPanesso"]
[Result "1-0"]
[WhiteElo "2855"]
[BlackElo "2557"]
[TimeControl "180+1"]
[EndTime "14:16:10 PDT"]
[Termination "MarcoRiehle won on time"]

1. e4 e5 2. Nf3 Nc6 3. Bc4 Bc5 4.
O-O Nf6 5. d4 Nxd4 6. Nxe5 O-O 7.
Be3 Ne6 8. Bxe6 Bxe3 9. Bxf7+ Kh8 10. Bb3 Qe7 11. Nf7+ Rxf7 12. Bxf7 Qxf7 13. fxe3 Qe7 14. Nc3 c6 15. Qd4 d5 16. exd5 cxd5 17. Nxd5 Nxd5 18. Qxd5 Qxe3+ 19. Kh1 Bg4 20. Qxb7 Rg8 21. Rae1 Qd2 22.
Qxa7 Bh5 23. Qc5 Bg6 24. Qc4 h6 25. a4 Bxc2 26. Re2 1-0

[Event "Late-Titled-Tuesday-Blitz-July-09-2024"]
[Site "Chess.com"]
[Date "2024.07.09"]
[Round "2"]
[White "TOCANTINS_TO"]
[Black "realburq"]
[Result "0-1"]
[WhiteElo "2040"]
[BlackElo "2440"]
[TimeControl "180+1"]
[EndTime "14:16:10 PDT"]
[Termination "realburq won by resignation"]

1. e4 c5 2. Nf3 e6 3. d3 Nc6 4. Nbd2 d5 5. g3 g6 6. Bg2 Nge7 7.
O-O Bg7 8. Qe2 O-O 9. Rd1 b6 10.
Nf1 Bb7 11. h4 Rc8 12. e5 Qc7 13. Bf4 d4 14. N1h2 Nd5 15. Ng4 Nxf4 16. gxf4 Kh8 17.
Ng5 Ne7 18. Bxb7 Qxb7 19. Ne4 Nf5 20. Ngf6 Bxf6 21. Nxf6 Nxh4 22. Ne4 f5 23. f3 fxe4 24. fxe4 Rxf4 25. Rf1 Rcf8 26. Qh2 Nf3+ 27. Rxf3 Rxf3 0-1

[Event "Late-Titled-Tuesday-Blitz-July-09-2024"]
[Site "Chess.com"]
[Date "2024.07.09"]
[Round "2"]
[White "PhileKhoob"]
[Black "DucksParadise"]
[Result "1-0"]
[WhiteElo "2388"]
[BlackElo "2598"]
[TimeControl "180+1"]
[EndTime "14:16:17 PDT"]
[Termination "PhileKhoob won by resignation"]

1. Nf3 d5 2. c4 d4 3. b4 f6 4. c5 e5 5. Qa4+ Bd7 6. Qb3 b6 7.
e3 bxc5 8. Bc4 Nh6 9. bxc5 Nc6 10. exd4 Na5 11. Qc3 Nxc4 12. Qxc4 e4 13. Ng1 Rb8 14.
Nc3 f5 15. Nge2 Qg5 16. O-O Be7 17. d3 exd3 18. Bxg5 1-0

[Event "Late-Titled-Tuesday-Blitz-July-09-2024"]
[Site "Chess.com"]
[Date "2024.07.09"]
[Round "2"]
[White "Mariia89"]
[Black "zacachess"]
[Result "0-1"]
[WhiteElo "2241"]
[BlackElo "2480"]
[TimeControl "180+1"]
[EndTime "14:16:20 PDT"]
[Termination "zacachess won by resignation"]

1. d4 Nf6 2. Nf3 g6 3. c4 Bg7 4. Nc3 O-O 5. e4 d6 6. Be2 Nbd7 7. O-O e5 8. Re1 Re8 9. Bf1 a6 10. Rb1 exd4 11. Nxd4 Nc5 12. f3 a5 13. b3 c6 14. Be3 Qc7 15. a3 Ne6 16. b4 axb4 17. axb4 Nh5 18. Qd2 Nxd4 19. Bxd4 Be5 20. Red1 f5 21.
c5 dxc5 22. Bxc5 Bxh2+ 23. Kh1 Ng3+ 24. Kxh2 Nxf1+ 25. Kg1 Nxd2 26. Rxd2 Qf4 27. Rbd1 Be6 28. Kf2 Ra3 29. Be3 Qh4+ 0-1

[Event "Late-Titled-Tuesday-Blitz-July-09-2024"]
[Site "Chess.com"]
[Date "2024.07.09"]
[Round "2"]
[White "GMRafpig"]
[Black "fugadelafuga"]
[Result "1-0"]
[WhiteElo "2774"]
[BlackElo "2427"]
[TimeControl "180+1"]
[EndTime "14:16:21 PDT"]
[Termination "GMRafpig won by resignation"]

1. c4 Nf6 2. Nc3 e6 3. e4 e5 4. Nf3 Nc6 5. a3 a5 6. Be2 Bc5 7. Nxe5 Bxf2+ 8. Kxf2 Nxe5 9. d4 Ng6 10. e5 Ng8 11.
Ne4 b6 12. Bg5 N8e7 13. Bf3 Rb8 14. h4 h6 15. h5 hxg5 16. hxg6 Nxg6 17. Rxh8+ Nxh8 18.
Qh1 Ng6 19. Qh7 Kf8 20. Bh5 Nf4 21. Qh8+ Ke7 22. Qxg7 Nxh5 23. Qxg5+ Ke8 24. Qxh5 Bb7 25. Nf6+ Ke7 26. Qg5 Qh8 27. Re1 Kd8 28. Nd5+ Kc8 29. Ne7+ 1-0

[Event "Late-Titled-Tuesday-Blitz-July-09-2024"]
[Site "Chess.com"]
[Date "2024.07.09"]
[Round "2"]
[White "Lady_Nika"]
[Black "seasidesunset"]
[Result "1-0"]
[WhiteElo "2494"]
[BlackElo "2271"]
[TimeControl "180+1"]
[EndTime "14:16:26 PDT"]
[Termination "Lady_Nika won by resignation"]

1. e4 c5 2. Nc3 a6 3. a4 e6 4.
g3 d5 5. d3 Nf6 6. Bg2 Nc6 7.
f4 Rb8 8. Nf3 b5 9. axb5 axb5 10. e5 Ng8 11. Ne2 h5 12. O-O Nh6 13. c3 Qb6 14. Be3 Ng4 15. Qd2 b4 16. h3 d4 17.
hxg4 dxe3 18. Qxe3 hxg4 19. Ng5 Bb7 20. Ne4 Be7 21.
c4 f5 22. exf6 gxf6 23. Nf2 f5 24. Qxe6 Nd4 25. Nxd4 Bxg2 26. Qxb6 Rxb6 27. Kxg2 cxd4 28. Ra8+ Bd8 29. Rfa1 O-O 30. b3 Re6 31. R1a6 Re2 32. Rg6+ Kh7 33. Rd6 Ree8 34. Rxd4 Bb6 35. Rd7+ Kh8 36.
Rxe8 Rxe8 37. d4 Re3 38. c5 Ba5 39. Ra7 Bd8 40. Ra8 Re8 41. c6 1-0

[Event "Late-Titled-Tuesday-Blitz-July-09-2024"]
[Site "Chess.com"]
[Date "2024.07.09"]
[Round "2"]
[White "adrivillu"]
[Black "BillCoe"]
[Result "1/2-1/2"]
[WhiteElo "2444"]
[BlackElo "2086"]
[TimeControl "180+1"]
[EndTime "14:16:30 PDT"]
[Termination "Game drawn by repetition"]

1. e4 c5 2. Nf3 e6 3. d4 cxd4 4. Nxd4 a6 5. c4 b6 6. Nc3 Bb7 7. Bd3 Qc7 8. O-O Nc6 9. Nxc6 dxc6 10. Be3 c5 11. Qe2 Ne7 12. f4 Nc6 13. f5 O-O-O 14. fxe6 fxe6 15. Rad1 Bd6 16. h3 Rhf8 17. Qg4 Qe7 18. Bg5 Qd7 19. Bxd8 Nxd8 20. Rxf8 Bxf8 21. e5 Qc7 22. Nd5 Bxd5 23. cxd5 Qxe5 24. Bxa6+ Kb8 25.
dxe6 Nxe6 26. Bc4 Nd4 27. Rf1 Bd6 28. Kf2 Nc2 29. Qe6 Qg3+ 30. Kg1 Qh2+ 31. Kf2 Qg3+ 32. Kg1 Qh2+ 33. Kf2 Qg3+ 1/2-1/2

[Event "Late-Titled-Tuesday-Blitz-July-09-2024"]
[Site "Chess.com"]
[Date "2024.07.09"]
[Round "2"]
[White "WindWhistler11"]
[Black "osielchesslover2011"]
[Result "1-0"]
[WhiteElo "2467"]
[BlackElo "2179"]
[TimeControl "180+1"]
[EndTime "14:16:39 PDT"]
[Termination "WindWhistler11 won on time"]

1. Nf3 Nf6 2. g3 g6 3. Bg2 Bg7 4.
d3 O-O 5. Nbd2 d6 6. c4 e5 7. O-O Nc6 8. Rb1 h6 9. b4 Be6 10. b5 Ne7 11. Ne1 Rb8 12. Qa4 d5 13. Ba3 Re8 14.
Nc2 dxc4 15. Nxc4 Nfd5 16. Bb2 Nb6 17. Qb4 Ned5 18. Qb3 Nxc4 19. dxc4 Nb6 20. Na3 Qd2 21. Rfe1 a5 22. Bc3 Qd6 23. Red1 Qe7 24. Bxa5 Nd7 25. Bb4 Nc5 26. Qe3 b6 27. Nc2 Red8 28. Ba3 f5 29. Nb4 Bd7 30. Nd5 Qd6 31. Nb4 1-0

[Event "Late-Titled-Tuesday-Blitz-July-09-2024"]
[Site "Chess.com"]
[Date "2024.07.09"]
[Round "2"]
[White "DeTimmerman"]
[Black "i_like_explosions"]
[Result "0-1"]
[WhiteElo "2766"]
[BlackElo "2535"]
[TimeControl "180+1"]
[EndTime "14:16:40 PDT"]
[Termination "i_like_explosions won by resignation"]

1. b4 Nf6 2. Bb2 d5 3. e3 e6 4.
b5 a6 5. a4 axb5 6. axb5 Rxa1 7.
Bxa1 c5 8. c4 Be7 9. Nf3 O-O 10.
Be2 Nbd7 11. cxd5 exd5 12. O-O Nb6 13. d4 c4 14. Nc3 Bf5 15. Nd2 Qd6 16. Re1 Ra8 17.
Bb2 Qb4 18. Qc1 Na4 19. Nxa4 Rxa4 20. e4 Nxe4 21. Nxe4 Bxe4 22. Bc3 Qd6 23. Bd1 Ra8 24. Bc2 Bxc2 25. Qxc2 Bf6 26. h3 g6 27. Qb2 Kg7 28. Ra1 Qd8 29. Rxa8 Qxa8 30. Qb4 Qa2 31. g3 Qc2 32. h4 Qd1+ 33. Kg2 Bxd4 34. b6 Qd3 35. Bxd4+ Qxd4 36. Qd6 Qe4+ 37. Kh2 d4 38. f3 Qe3 39. Qc7 c3 40. Qxb7 c2 0-1

[Event "Late-Titled-Tuesday-Blitz-July-09-2024"]
[Site "Chess.com"]
[Date "2024.07.09"]
[Round "2"]
[White "mbojan"]
[Black "Pitomina"]
[Result "1-0"]
[WhiteElo "2923"]
[BlackElo "2609"]
[TimeControl "180+1"]
[EndTime "14:16:42 PDT"]
[Termination "mbojan won by checkmate"]

1. d4 Nf6 2. Bg5 g6 3. Bxf6 exf6 4. c4 f5 5. e3 Bg7 6. Nc3 O-O 7. Nge2 d6 8. g3 Nd7 9. Bg2 Nf6 10. O-O h5 11. h4 c6 12. b4 Bd7 13. Nf4 Rb8 14.
a4 Ng4 15. Rc1 Re8 16. Nh3 Bh6 17. Re1 Qf6 18. Qf3 Re7 19. Nf4 Rbe8 20. b5 Kh7 21. a5 a6 22. bxa6 bxa6 23. Na4 Be6 24. Nb6 Rc7 25.
d5 cxd5 26. Nbxd5 Bxd5 27. Nxd5 Qd8 28. Nxc7 Qxc7 29. Qb7 Qxa5 30. Qxf7+ Bg7 31. Qxe8 Qd2 32. Rf1 f4 33. gxf4 Bf6 34. Be4 Bxh4 35. Qxg6+ Kh8 36. Qh7# 1-0

[Event "Late-Titled-Tuesday-Blitz-July-09-2024"]
[Site "Chess.com"]
[Date "2024.07.09"]
[Round "2"]
[White "CapivaraBondoso"]
[Black "LoonsDeKoeben"]
[Result "0-1"]
[WhiteElo "1961"]
[BlackElo "2437"]
[TimeControl "180+1"]
[EndTime "14:16:42 PDT"]
[Termination "LoonsDeKoeben won by resignation"]

1. e4 c5 2. Nf3 d6 3. d4 cxd4 4. Nxd4 Nf6 5. Nc3 a6 6. Bg5 e6 7. f4 Be7 8. Qf3 h6 9. Bh4 Nbd7 10. O-O-O Qc7 11. Bd3 b5 12. Kb1 Bb7 13. a3 Nc5 14. f5 e5 15. Bxf6 Bxf6 16. Nde2 Bc6 17. g4 Qb7 18. Rhg1 a5 19. h4 b4 20. axb4 axb4 21.
Nd5 Bxd5 22. exd5 Bxh4 23. Ng3 Qa7 24. Bb5+ Kf8 25. Kc1 Bg5+ 0-1

[Event "Late-Titled-Tuesday-Blitz-July-09-2024"]
[Site "Chess.com"]
[Date "2024.07.09"]
[Round "2"]
[White "GiorgianBarbosa"]
[Black "ernestina08chess"]
[Result "1-0"]
[WhiteElo "2518"]
[BlackElo "2319"]
[TimeControl "180+1"]
[EndTime "14:16:49 PDT"]
[Termination "GiorgianBarbosa won by checkmate"]

1. d4 Nf6 2. c4 g6 3. Nc3 d5 4.
cxd5 Nxd5 5. e3 Bg7 6. Bc4 Nxc3 7.
bxc3 O-O 8. Ne2 c5 9. O-O Nc6 10. a4 b6 11. Ba3 cxd4 12. cxd4 Bb7 13. Nf4 Kh8 14. Rc1 Rc8 15. Qg4 Na5 16. Ba2 Rxc1 17.
Rxc1 Bc8 18. Qg3 Bd7 19. h4 h5 20. Nxh5 gxh5 21. Qg5 Bf6 22. Qxh5+ Kg7 23. e4 Rh8 24. Qxf7+ Kh6 25. Rc6 Nxc6 26. Bc1+ Bg5 27. hxg5# 1-0

[Event "Late-Titled-Tuesday-Blitz-July-09-2024"]
[Site "Chess.com"]
[Date "2024.07.09"]
[Round "2"]
[White "AcostaPablo"]
[Black "KebabJangles"]
[Result "1-0"]
[WhiteElo "2712"]
[BlackElo "2370"]
[TimeControl "180+1"]
[EndTime "14:16:50 PDT"]
[Termination "AcostaPablo won by resignation"]

1. e4 c5 2. Nf3 e6 3. g3 d5 4.
exd5 exd5 5. Bg2 Nf6 6. O-O Be7 7. d4 O-O 8. dxc5 Bxc5 9. Bg5 Nc6 10. Nc3 d4 11. Ne4 Be7 12. Bxf6 Bxf6 13. Re1 Bg4 14. Qd2 Bxf3 15. Bxf3 Be5 16. Nc5 Qc7 17. Nxb7 Qxb7 18. Bxc6 Qxc6 19. Rxe5 Rab8 20. b3 Rfd8 21. Rae1 h6 22.
Qd3 Rbc8 23. R1e2 Qc3 24. Qf5 Qa1+ 25. Kg2 Qxa2 26. Re7 Rf8 27. Rxf7 Rxf7 28. Qxc8+ Kh7 29. Qe6 Rf6 30. Qe4+ Kg8 31. Qxd4 Qa6 32. Re8+ Kf7 33. Qd7+ Kg6 34. Re7 Qc6+ 35. Qxc6 Rxc6 36. c4 Rb6 37.
Re3 a5 38. Kf3 Rb4 39. Rc3 a4 40. bxa4 Rxa4 41. c5 Ra7 42. c6 Rc7 43. Ke4 Kf6 44.
Kd5 Rc8 45. c7 Ke7 46. Kc6 1-0

[Event "Late-Titled-Tuesday-Blitz-July-09-2024"]
[Site "Chess.com"]
[Date "2024.07.09"]
[Round "2"]
[White "sari07"]
[Black "HalfIsCrayfish"]
[Result "1-0"]
[WhiteElo "2397"]
[BlackElo "2629"]
[TimeControl "180+1"]
[EndTime "14:16:50 PDT"]
[Termination "sari07 won by resignation"]

1. d4 Nf6 2. Nf3 g6 3. Nbd2 c5 4. dxc5 Na6 5. e4 Nxc5 6. e5 Nd5 7. Nb3 Nxb3 8. axb3 e6 9. Bc4 Nb6 10. Bb5 Bg7 11. Bg5 Qc7 12. Bf6 O-O 13. Qd2 Nd5 14.
Bxg7 Kxg7 15. h4 h5 16. O-O a6 17. Rfe1 b6 18. Ng5 Bb7 19. Bd3 Ne7 20. Qf4 Nf5 21.
Bxf5 exf5 22. c4 Qc6 23. f3 Rfe8 24. Rad1 Rad8 25. Rd6 Qc7 26. Qd4 Kg8 27. Qxb6 Bc6 28.
Qxc7 1-0